 Dungeon Crawl Stone Soup version 0.27.1-34-g3ba077fa99 (webtiles) character file.

Game seed: 15442610560704116139

109 belegose the Skirmisher (level 4, -1/40 HPs)
             Began as a Ghoul Fighter on Jan 4, 2022.
             Slain by a gnoll shaman (3 damage)
             ... on level 3 of the Dungeon.
             The game lasted 00:04:55 (2958 turns).

belegose the Skirmisher (Ghoul Fighter)             Turns: 2958, Time: 00:04:56

Health: -1/40      AC:  6    Str: 19    XL:     4   Next: 90%
Magic:  3/3        EV:  7    Int:  4    God:
Gold:   99         SH:  8    Dex:  8    Spells: 3/3 levels left

rFire    . . .     SeeInvis .   a - +0 flail
rCold    + . .     Faith    .   c - +0 kite shield
rNeg     + + +     Spirit   .   b - +0 scale mail
rPois    ∞         Reflect  .   (no helmet)
rElec    .         Harm     .   (no cloak)
rCorr    .         Rampage  .   (no gloves)
Will     .....                  (no boots)
Stlth    ..........             (no amulet)
HPRegen  0.00/turn              (no ring)
MPRegen  0.08/turn              (no ring)

@: inhibited regen
A: claws 1, cold resistance 1, negative energy resistance 3, inhibited
regeneration, torment resistance 2
a: no special abilities


You were on level 3 of the Dungeon.
You visited 1 branch of the dungeon, and saw 4 of its levels.

You collected 125 gold pieces.
You spent 26 gold pieces at shops.

Inventory:

Hand Weapons
 a - a +0 flail (weapon)
Missiles
 h - 48 stones (quivered)
 i - 26 poisoned darts
 j - 12 bolts
 m - a throwing net
 o - 5 boomerangs
Armour
 b - a +0 scale mail (worn)
 c - a +0 kite shield (worn)
Magical Staves
 p - a staff of air
Scrolls
 e - a scroll of enchant armour {unknown}
 k - a scroll of immolation {unknown}
 n - 2 scrolls of identify
Potions
 d - a potion of might
 f - a potion of heal wounds {unknown}
 g - a potion of ambrosia {unknown}
 l - 2 potions of curing {unknown}


   Skills:
 + Level 4.0 Fighting
 + Level 2.6 Maces & Flails
 + Level 0.2 Throwing
 + Level 3.3 Armour
 + Level 3.3 Shields


You had 3 spell levels left.
You didn't know any spells.
Your spell library contained the following spells:

 Spells                   Type           Power      Damage    Failure   Level
 Magic Dart               Conj           0%         1d3       100%        1
 Sandblast                Erth           0%         2d4       100%        1
 Passwall                 Tmut/Erth      0%         N/A       100%        2
 Olgreb's Toxic Radiance  Pois           0%         N/A       100%        4
 Lee's Rapid Deconstruct  Erth           0%         3d5*      100%        5
 Ozocubu's Refrigeration  Ice            0%         4d5       100%        7
 Ignition                 Fire           0%         3d3       100%        8


Dungeon Overview and Level Annotations

Branches:
Dungeon (4/15)
 Temple: D:4-7

Altars:

Shops:
D:1 *   D:3 [*?

Annotations:
D:3 Sigmund


Innate Abilities, Weirdness & Mutations

You thrive by killing the living.
You are immune to poison.
You have sharp fingernails.
Your flesh is cold resistant. (rC+)
You are immune to negative energy. (rN+++)
You do not regenerate when monsters are visible.
You are immune to unholy pain and torment.


Message History

The gnoll shaman is moderately wounded.
The gnoll shaman hits you but does no damage.
You block the gnoll shaman's attack.
You barely miss the gnoll shaman.
The gnoll shaman is moderately wounded.
The gnoll shaman hits you with a +0 club.
You hit the gnoll shaman.
The gnoll shaman is heavily wounded.
The gnoll shaman hits you with a +0 club.
The gnoll shaman mumbles some strange prayers to its god.
The gnoll shaman is healed somewhat.
You sock the gnoll shaman!
The gnoll shaman is severely wounded.
The gnoll shaman closely misses you.
You barely miss the gnoll shaman.
The gnoll shaman is severely wounded.
The gnoll shaman hits you with a +0 club!
* * * LOW HITPOINT WARNING * * *
You block the gnoll shaman's attack.
You barely miss the gnoll shaman.
The gnoll shaman is severely wounded.
The gnoll shaman barely misses you.
You closely miss the gnoll shaman.
The gnoll shaman is severely wounded.
The gnoll shaman invokes the aid of its god against you.
You resist with some effort.
The gnoll shaman hits you but does no damage.
You barely miss the gnoll shaman.
The gnoll shaman is severely wounded.
You block the gnoll shaman's attack.
You barely miss the gnoll shaman.
The gnoll shaman is severely wounded.
The gnoll shaman invokes the aid of its god against you.
You resist with some effort.
The gnoll shaman hits you with a +0 club.
* * * LOW HITPOINT WARNING * * *
You hit the gnoll shaman.
The gnoll shaman is severely wounded.
The gnoll shaman hits you with a +0 club.
You die...

#.##.# #.#. #. ##+##.#
#.#. #. ##...#.# #.#.
#.#### ##......###)#.
#.##.######...........†.
#.......##.........##.#.
#......."'.........+....
#.....#g##...).....##.#.
#.#..##@###.......###.##
#...###.# ##.....###...#
#.#####.# ##...## #....
#.......# ##+## #...#
#.####### #####
####.##### #...<....#
#.##.###.# ##### #.##.#
#.## #....


You could see a gnoll shaman.

Vanquished Creatures
  An adder (D:3)
  5 gnolls (D:2)
  2 dart slugs (D:3)
  An orc (D:3)
  4 ball pythons
  4 endoplasms
  3 giant cockroaches
  A goblin (D:3)
  8 hobgoblins
  3 quokkas
  3 bats (D:1)
  5 frilled lizards
  7 kobolds
  2 rats
49 creatures vanquished.

Vanquished Creatures (others)
  6 fungi (D:2)
  2 plants (D:2)
8 creatures vanquished.

Grand Total: 57 creatures vanquished

Notes
Turn   | Place    | Note
-------+----------+-------------------------------------------
     0 | D:1      | belegose the Ghoul Fighter began the quest for the Orb.
     0 | D:1      | Reached XP level 1. HP: 19/19 MP: 0/0
   181 | D:1      | Reached XP level 2. HP: 26/26 MP: 1/1
   438 | D:1      | Found Yvudoscha's Assorted Antiques.
   890 | D:2      | Reached XP level 3. HP: 33/33 MP: 2/2
   921 | D:2      | Reached XP level 4. HP: 16/40 MP: 3/3
  1586 | D:2      | Found a faded altar of an unknown god.
  1590 | D:2      | Got Plato's Papyrus of Conjuration
  1600 | D:2      | Reached skill level 4 in Fighting
  2384 | D:3      | Found Ryjaskus's Armour Emporium.
  2420 | D:3      | Found Lusixim's Magic Scroll Shop.
  2485 | D:3      | Bought a scroll of identify for 26 gold pieces
  2490 | D:3      | Found Upanwug's General Store.
  2675 | D:3      | Noticed Sigmund
  2957 | D:3      | HP: 2/40 [gnoll shaman (6)]
  2958 | D:3      | Slain by a gnoll shaman

Illustrated notes

Levels and vault maps discovered:
D:1:      dpeg_arrival_simpleton_c, layout_loops_ring, serial_shops,
          nicolae_shop_statue_plus
D:2:      layout_loops_corners, shapermc_ecumenical_altar_rom_forum
D:3:      layout_loops_corners, yredelemnul_forgotten_temple_becter,
          mainiacjoe_overflow_six_doors_small, serial_shops, shop, shop,
          nicolae_shop_crystal, nicolae_shop_statue_plus, uniq_sigmund,
          uniq_ijyb
D:4:      layout_gridville, chei_slow_surprise, kennysheep_diamond, uniq_edmund

Skill      XL: |  1  2  3  4 |
---------------+-------------+-----
Maces & Flails | 2 |  2.6
Shields        | 3 |  3.3
Armour         | 3 |  3.3
Fighting       | 4 |  4.0
Throwing       | |  0.2

Action                   |  1- 3 |  4- 6 || total
-------------------------+-------+-------++-------
Melee: Flail             |    72 |    83 ||   155
Armor: Scale mail        |    36 |    20 ||    56
Dodge: Dodged            |    28 |    30 ||    58
Block: Kite shield       |    35 |    33 ||    68
